 Dungeon Crawl Stone Soup version 0.25-a0-583-g696c2ac (webtiles) character file.

Game seed: 13224003419183766385, levelgen mode: deterministic

681734 Anathematize the Slayer (level 27, -1/233 HPs)
             Began as a Demonspawn Warper on Mar 7, 2020.
             Was the Champion of Okawaru.
             Slain by a Killer Klown
             ... wielding a +12 club of pain
              (8 damage)
             ... on level 5 of the Realm of Zot on Mar 8, 2020.
             The game lasted 07:10:02 (91785 turns).

Anathematize the Slayer (Demonspawn Warper)        Turns: 91785, Time: 07:10:03

Health: -1/233     AC: 30    Str: 21    XL:     27
Magic:  33/37      EV: 21    Int: 23    God:    Okawaru [******]
Gold:   4761       SH:  6    Dex: 14    Spells: 2/46 levels left

rFire    + + .     SeeInvis .     - Unarmed
rCold    + . .     Gourm    .   (shield currently unavailable)
rNeg     . . .     Faith    .   C - +8 fire dragon scales
rPois    +         Spirit   .   (helmet unavailable)
rElec    +         Reflect  +   V - +2 cloak of Caommarph {rElec Int+5}
rCorr    +         Harm     .   (gloves currently unavailable)
MR       +++..     Rnd*Tele +   L - +2 pair of boots {run}
Stlth    ..........             D - +6 amulet of reflection
HPRegen  0.48/turn              M - ring of Mikal {Wiz MR+ Str+3 Stlth-}
MPRegen  0.25/turn              s - +6 ring of evasion

@: mighty, about to teleport, blade hands, silence (expiring), resistant,
heroism, fire vulnerable, no potions, studying Summonings, quick
A: hooves 1, horns 3, thin metallic scales 3, cold resistance 1, icemail, spiny
3, teleportitis 1, weak 1, augmentation 3, freezing cloud immunity
}: 3/15 runes: decaying, serpentine, silver
a: End Transformation, Renounce Religion


You were on level 5 of the Realm of Zot.
You worshipped Okawaru.
Okawaru was exalted by your worship.
You were not hungry.
You had blades for hands.
You visited 11 branches of the dungeon, and saw 53 of its levels.
You visited the Abyss 1 time.
You also visited: Ossuary, Ice Cave, Volcano, Wizlab and Desolation.

You collected 12206 gold pieces.
You spent 7445 gold pieces at shops.

Inventory:

Missiles
 j - 18 boomerangs
 H - 8 boomerangs of dispersal
 T - 7 throwing nets
 U - 41 silver javelins (quivered)
 W - 40 javelins
Armour
 y - a +1 pair of gloves of archery
 C - +8 fire dragon scales (worn)
 G - a +3 buckler of cold resistance (melded)
 L - a +2 pair of boots of running (worn)
 O - a scarf of resistance
 Q - a +0 kite shield of reflection
 V - the +2 cloak of Caommarph (worn) {rElec Int+5}
   (You acquired it on level 4 of the Realm of Zot)

   It affects your intelligence (+5).
   It insulates you from electricity.
 Y - the +1 pair of gloves of Baldness (melded) {rC+ MR+}
   (You found it on level 1 of the Swamp)

   It protects you from cold.
   It affects your resistance to hostile enchantments.
Magical Staves
 Z - an uncursed staff of energy
Jewellery
 b - the ring of Yxkanuev {Str+3 Int+2 SInv Stlth+}
   (You found it on level 3 of the Depths)

   [ring of see invisible]

   It affects your strength (+3).
   It affects your intelligence (+2).
   It lets you see invisible.
   It makes you more stealthy.
 e - an uncursed ring of protection from fire
 i - an uncursed ring of positive energy
 k - an uncursed ring of poison resistance
 s - a +6 ring of evasion (right scythe-like blade)
 B - an uncursed amulet of regeneration
 D - a +6 amulet of reflection (around neck)
 I - an uncursed ring of protection from magic
 M - the ring of Mikal (left scythe-like blade) {Wiz MR+ Str+3 Stlth-}
   (You found it on level 1 of the Swamp)

   [ring of wizardry]

   It improves your spell success rate.
   It affects your strength (+3).
   It affects your resistance to hostile enchantments.
   It makes you less stealthy.
 S - an uncursed ring of resist corrosion
Wands
 r - a wand of acid (27)
 t - a wand of digging (7)
 X - a wand of clouds (11)
Scrolls
 a - 19 scrolls of remove curse
 c - 3 scrolls of amnesia
 g - 13 scrolls of magic mapping
 l - 21 scrolls of teleportation
 p - 5 scrolls of blinking
 q - 6 scrolls of fear
 u - 26 scrolls of identify
 x - 3 scrolls of fog
 J - 5 scrolls of noise
Potions
 d - 19 potions of mutation
 m - 6 potions of flight
 n - 3 potions of magic
 o - 12 potions of brilliance
 v - 2 potions of ambrosia
 z - 4 potions of cancellation
 A - 2 potions of might
 E - 9 potions of curing
 F - 5 potions of haste
 P - 14 potions of lignification
Books
 R - a manual of Summonings
Comestibles
 f - 79 rations


   Skills:
 + Level 22.7(27) Fighting
 + Level 21.2(26.2) Throwing
 - Level 5.0(10.0) Armour
 - Level 5.0(10.0) Dodging
 - Level 4.0(9.0) Shields
 - Level 22.0(27) Unarmed Combat
 - Level 10.0 Spellcasting
 - Level 15.0 Hexes
 - Level 5.0 Summonings
 * Level 19.0 Necromancy
 - Level 6.0 Translocations
 * Level 14.5 Transmutations
 - Level 5.0 Air Magic
 - Level 10.0 Invocations


You had 2 spell levels left.
You knew the following spells:

 Your Spells              Type           Power        Failure   Level  Hunger
a - Apportation           Tloc           #####.       7%          1    None
b - Blink                 Tloc           N/A          9%          2    None
h - Blade Hands           Tmut           ######....   6%          5    ####...
i - Silence               Hex/Air        ######....   16%         5    ####...
j - Portal Projectile     Hex/Tloc       ######       5%          3    None
l - Borgnjor's Vile Clut  Necr/Erth      ######....   19%         5    ####...
m - Summon Mana Viper     Hex/Summ       ######..     16%         5    ####...
n - Necromutation         Tmut/Necr      ######....   71%         8    #######
s - Passwall              Tmut/Erth      #####...     6%          2    None
v - Invisibility          Hex            ######..     13%         6    ######.
w - Swiftness             Chrm/Air       ###.....     19%         2    None

Your spell library contained the following spells:

 Spells                   Type           Power        Failure   Level  Hunger
 Animate Skeleton         Necr           N/A          1%          1    None
 Corona                   Hex            ######.      1%          1    None
 Sublimation of Blood     Necr           #######...   1%          2    None
 Beastly Appendage        Tmut           ######       2%          1    None
 Slow                     Hex            ######..     2%          2    None
 Sticks to Snakes         Tmut           ######..     2%          2    None
 Corpse Rot               Necr/Air       N/A          3%          2    None
 Sting                    Tmut/Pois      ####         6%          1    None
 Ensorcelled Hibernation  Hex/Ice        #####.       6%          2    None
 Summon Butterflies       Summ           ####....     9%          1    None
 Call Imp                 Summ           ####....     11%         2    None
 Shock                    Conj/Air       ###.         14%         1    None
 Shroud of Golubria       Chrm/Tloc      ####..       16%         2    None
 Poisonous Vapours        Pois/Air       ###...       19%         2    None
 Foxfire                  Conj/Fire      ##..         26%         1    None
 Freeze                   Ice            ##..         26%         1    None
 Infusion                 Chrm           ##..         26%         1    None
 Magic Dart               Conj           ##..         26%         1    None
 Sandblast                Erth           ##....       26%         1    None
 Searing Ray              Conj           ##....       32%         2    None
 Song of Slaying          Chrm           ##......     32%         2    None
 Confusing Touch          Hex            ######..     2%          3    None
 Tukima's Dance           Hex            ######..     2%          3    None
 Animate Dead             Necr           N/A          2%          4    #......
 Dispel Undead            Necr           #######.     2%          4    #......
 Agony                    Necr           #######.     3%          5    ####...
 Cause Fear               Hex            ######....   4%          4    #......
 Yara's Violent Unravell  Hex/Tmut       ######....   6%          5    ####...
 Death Channel            Necr           #######...   6%          6    ######.
 Dazzling Flash           Conj/Hex       #####.       9%          3    None
 Inner Flame              Hex/Fire       #####...     9%          3    None
 Spectral Weapon          Hex/Chrm       #####...     9%          3    None
 Spider Form              Tmut/Pois      #####.....   9%          3    None
 Gell's Gravitas          Tloc           #####.....   12%         3    None
 Lesser Beckoning         Tloc           #####.....   12%         3    None
 Teleport Other           Tloc           #####...     12%         3    None
 Recall                   Summ/Tloc      N/A          13%         3    None
 Darkness                 Hex            ######....   13%         6    ######.
 Call Canine Familiar     Summ           ####....     16%         3    None
 Ignite Poison            Fire/Tmut/Pois ####....     16%         3    None
 Fulminant Prism          Conj/Hex       #####.....   16%         4    #......
 Leda's Liquefaction      Hex/Erth       #####.....   16%         4    #......
 Hydra Form               Tmut           ######....   16%         6    ######.
 Ice Form                 Ice/Tmut       #####...     17%         4    #......
 Petrify                  Tmut/Erth      #####...     17%         4    #......
 Excruciating Wounds      Chrm/Necr      ######....   19%         5    ####...
 Passage of Golubria      Tloc           N/A          24%         4    #......
 Static Discharge         Conj/Air       ###.....     26%         3    None
 Airstrike                Air            ####......   30%         4    #......
 Summon Lightning Spire   Summ/Air       ####....     30%         4    #......
 Metabolic Englaciation   Hex/Ice        #####.....   30%         5    ####...
 Mephitic Cloud           Conj/Pois/Air  ###.....     32%         3    None
 Alistair's Intoxication  Tmut/Pois      #####...     32%         5    ####...
 Dragon Form              Tmut           ######....   41%         7    #######
 Borgnjor's Revivificati  Necr           #######...   45%         8    #######
 Infestation              Necr           #######...   45%         8    #######
 Conjure Flame            Conj/Fire      ##......     47%         3    None
 Frozen Ramparts          Ice            ##....       47%         3    None
 Ozocubu's Armour         Chrm/Ice       ##......     47%         3    None
 Stone Arrow              Conj/Erth      ##....       47%         3    None
 Iskenderun's Mystic Bla  Conj/Tloc      ####....     47%         4    #......
 Summon Forest            Summ/Tloc      #####.....   47%         5    ####...
 Simulacrum               Ice/Necr       ######....   50%         6    ######.
 Summon Ice Beast         Ice/Summ       ###.....     52%         4    #......
 Summon Demon             Summ           ####......   52%         5    ####...
 Haunt                    Necr/Summ      ######....   67%         7    #######
 Eringya's Noxious Bog    Tmut/Pois      #####.....   73%         6    ######.
 Statue Form              Tmut/Erth      #####....    73%         6    ######.
 Hailstorm                Conj/Ice       ##......     80%         4    #......
 Lightning Bolt           Conj/Air       ###.......   80%         5    ####...
 Dispersal                Tloc           #####.....   86%         6    ######.
 Discord                  Hex            ######....   87%         8    #######
 Shadow Creatures         Summ           N/A          92%         6    ######.
 Bolt of Magma            Conj/Fire/Erth ##........   96%         5    ####...
 Iskenderun's Battlesphe  Conj/Chrm      ##......     96%         5    ####...
 Lee's Rapid Deconstruct  Erth           ##........   96%         5    ####...
 Deflect Missiles         Chrm/Air       ###.......   99%         6    ######.
 Freezing Cloud           Conj/Ice/Air   ###.......   100%        6    ######.
 Iron Shot                Conj/Erth      ##........   100%        6    ######.
 Starburst                Conj/Fire      ##........   100%        6    ######.
 Malign Gateway           Summ/Tloc      #####.....   100%        7    #######
 Monstrous Menagerie      Summ           ####......   100%        7    #######
 Orb of Destruction       Conj           ##........   100%        7    #######
 Ring of Flames           Chrm/Fire      ##........   100%        7    #######
 Spellforged Servitor     Conj/Summ      ###.......   100%        7    #######
 Summon Greater Demon     Summ           ####......   100%        7    #######
 Summon Hydra             Summ           ####......   100%        7    #######
 Controlled Blink         Tloc           N/A          100%        8    #######
 Death's Door             Chrm/Necr      ######....   100%        8    #######
 Disjunction              Tloc           #####.....   100%        8    #######
 Summon Horrible Things   Summ           ####......   100%        8    #######
 Shatter                  Erth           ##........   100%        9    #######


Dungeon Overview and Level Annotations

Branches:
Dungeon (15/15)            Temple (1/1) D:5            Lair (6/6) D:10
  Swamp (4/4) Lair:2        Snake (4/4) Lair:3        Slime (0/5) Lair:6
    Orc (2/2) D:11            Elf (3/3) Orc:2        Vaults (5/5) D:14
  Crypt (3/3) Vaults:3       Tomb (0/3) Crypt:3      Depths (5/5) D:15
    Zot (5/5) Depths:5    Ossuary (visited)           IceCv (visited)
Volcano (visited)          WizLab (visited)         Desolation (visited)

Altars:
Ashenzari
Cheibriados
Dithmenos
Elyvilon
Fedhas
Gozag
Hepliaklqana
Kikubaaqudgha
Makhleb
Nemelex Xobeh
Okawaru
Qazlal
Ru
Sif Muna
Trog
Uskayaw
Vehumet
Wu Jian
Xom
Yredelemnul
Zin
The Shining One
Beogh
Jiyva

Shops:
D:5 *   D:11 [   D:13 %   Orc:1 }   Orc:2 (=*[?   Elf:3 }   Snake:4 *
Vaults:3 *   Zot:4 *   Depths:2 }}=   Depths:4 :   Depths:5 [

Portals:
Hell: Depths:1 Depths:2 Depths:3 Depths:4 Depths:5
Abyss: Depths:1 Depths:4
Pandemonium: Depths:3 Depths:4
Ziggurat: Depths:3

Annotations:
D:3 exclusion: downstairs
D:4 exclusion: downstairs
D:7 1 runed translucent door, exclusions: door and downstairs
D:8 exclusion: downstairs
Lair:6 3 runed translucent doors, exclusion: 3 doors, Caerwyn's ghost, journeyman DDFi
Snake:3 exclusion: downstairs
Vaults:2 1 exclusion
Crypt:2 exclusion: 2 downstairs
Depths:1 3 runed translucent doors, exclusion: 3 doors
Depths:4 exclusions: downstairs and upstairs
Depths:5 3 runed translucent doors, exclusion: 3 doors, Niw Ywud's ghost, legendary MiBe
Zot:3 5 transporters


Innate Abilities, Weirdness & Mutations

You have a pair of large horns on your head.
You are completely covered in thin metallic scales. (AC +4, rElec)
Your flesh is cold resistant. (rC+)
A meltable icy envelope protects you from harm. (AC +0)
You are completely covered in sharp spines.
Your magical and physical power is greatly enhanced at high health.
You are immune to freezing clouds.
You have large cloven feet.
You are occasionally teleported next to monsters.
You are weak. (Str -2)


Message History

The shard shrike spits a shard of ice at you.
The shard of ice hits you! You partially resist.
* * * LOW HITPOINT WARNING * * *
The Killer Klown blinks!
The Killer Klown throws klown pie at you.
The klown pie hits you but does no damage.
Okay, then.
Okay, then.
You cannot drink potions in your current state!
Unknown command.
Okay, then.
You cannot drink potions in your current state!
The shard shrike is struck by your spines.
The shard shrike claws you!
* * * LOW HITPOINT WARNING * * *
The shard shrike freezes you! You resist.
* * * LOW HITPOINT WARNING * * *
The Killer Klown is struck by your spines.
The Killer Klown flogs you with a +12 club of pain!
You die...

###............X..*.§##
##.............§.....§#
#............§X§§§§§.#
#...........§§§§.§§.§#
#....)......§§§§§§§§.#
#..........§§..§.§...#
#.^...^.....§.§.§d...#
##.............ppp).##
##..........p.@b..##
##..............##
▓▓▓▓################▓▓▓▓▓▓▓▓▓
....(.##.....^.# #......^..#
.......#.#####.# #.#######.#
..)............# #.# #.#
.......#.....#### #.# #.#
##'###.#........# #.# #.#
...# #.##....##.# #.# #.#


You could see 4 Killer Klowns, a shard shrike and a red draconian.

Vanquished Creatures
  3 ancient liches
  3 orbs of fire
  Mara (Depths:1)
  Mennas (Vaults:4)
  Boris (Vaults:5)
  A Killer Klown (Zot:4)
  Margery (Depths:4)
  Frederick (Vaults:4)
  Saint Roka (Depths:4)
  Vashnia (Snake:3)
  4 curse toes
  Nikola (Elf:3)
  13 golden dragons
  Jory (Vaults:4)
  2 bone dragons
  A Hellbinder (WizLab)
  Rupert (D:14)
  2 electric golems
  20 tentacled monstrosities
  10 liches
  10 Orb Guardians (Zot:5)
  Jorgrun (Swamp:1)
  6 quicksilver dragons
  3 deep elf blademasters
  7 sphinxes
  3 death cobs
  Frances (D:13)
  4 tengu reavers
  A thorn hunter (Swamp:4)
  5 ancient champions
  9 draconian monks
  9 shadow dragons
  19 storm dragons
  Agnes (D:15)
  The ghost of staltz the Jinx, an adept DsNe of Makhleb (Snake:4)
  Donald (Swamp:1)
  7 nagarajas (Snake:4)
  Roxanne (Swamp:3)
  3 revenants
  14 fire giants
  7 draconian knights
  An orc warlord (Orc:1)
  Louise (Swamp:3)
  4 frost giants
  4 draconian scorchers
  8 draconian shifters
  An iron dragon (Zot:4)
  A balrug (WizLab)
  15 vault wardens
  7 deep elf sorcerers
  3 imperial myrmidons (Desolation)
  2 deep elf elementalists
  A cacodemon (Depths:4)
  5 draconian stormcallers
  A spriggan defender (Depths:4)
  3 curse skulls
  7 draconian annihilators
  Aizul (Vaults:1)
  6 ghouls
  A juggernaut zombie (Crypt:2)
  9 war gargoyles
  23 very ugly things
  10 ironheart preservers
  15 stone giants
  3 entropy weavers
  A blood saint (WizLab)
  4 vampire knights
  An entropy weaver (shapeshifter) (Vaults:5)
  13 green draconians
  4 deep elf demonologists
  A spectral titan (Crypt:3)
  A lorocyproca (WizLab)
  16 black draconians
  18 purple draconians
  12 white draconians
  9 yellow draconians
  13 red draconians
  12 deep elf annihilators
  5 halazid warlocks (Desolation)
  A dire elephant (D:15)
  A blizzard demon (WizLab)
  21 ettins
  8 deep elf death magi
  18 crystal guardians
  3 jiangshi (Crypt:1)
  A green death (WizLab)
  A fire dragon (shapeshifter) (Depths:3)
  13 fire dragons
  5 deep elf high priests
  5 eidola
  A merfolk javelineer (Depths:2)
  10 ragged hierophants (Desolation)
  18 yaktaur captains
  13 naga warriors
  13 ogre magi
  A ghost crab (Swamp:1)
  A hydra (shapeshifter) (Depths:3)
  Fannar (D:9)
  A spectral shadow dragon (Crypt:3)
  4 great orbs of eyes
  5 servants of whispers (Desolation)
  12 peacekeepers (Desolation)
  10 ice dragons
  6 rakshasas
  32 vault guards
  22 hydras
  34 two-headed ogres
  A two-headed ogre (shapeshifter) (Vaults:4)
  10 centaur warriors
  12 alligators
  An anaconda (shapeshifter) (Depths:3)
  14 anacondas
  A shambling mangrove (Swamp:4)
  8 deep troll shamans
  A spectral stone giant (Crypt:3)
  41 dancing weapons
  7 death yaks
  5 deep troll earth magi
  3 death knights
  8 tengu warriors
  5 vampire magi
  A thrashing horror (Abyss:2)
  A spriggan berserker (Depths:5)
  13 naga sharpshooters
  9 shock serpents
  Urug (D:14)
  A titan zombie (Vaults:4)
  13 deep elf knights
  3 orc high priests
  Nergalle (Lair:1)
  2 soul eaters
  2 sun demons (WizLab)
  17 shadow wraiths
  2 fire crabs (shapeshifter)
  An iron golem (Depths:3)
  A sixfirhy (WizLab)
  19 hell knights (Depths:4)
  2 salamander mystics
  29 deep trolls
  An iron giant zombie (Crypt:1)
  6 iron trolls
  10 flayed ghosts
  32 skeletal warriors
  8 swamp dragons
  4 unseen horrors
  3 shadow demons (WizLab)
  An unseen horror (shapeshifter) (Vaults:5)
  4 spriggan druids
  3 obsidian statues (Depths:3)
  5 wizards
  A death drake (shapeshifter) (Vaults:3)
  2 glowing orange brains (shapeshifter)
  6 naga ritualists (Snake:4)
  13 glowing orange brains
  3 harpies (Vaults:2)
  15 orc knights
  3 lindwurms
  9 deep elf archers
  A harpy (shapeshifter) (Vaults:5)
  8 necromancers
  An anaconda skeleton (Crypt:1)
  2 lindwurms (shapeshifter)
  29 phantasmal warriors
  5 orc sorcerers
  12 mana vipers
  2 mana vipers (shapeshifter)
  21 ironbrand convokers
  An oklob plant (Lair:5)
  35 ugly things
  4 cyclopes
  A shining eye (shapeshifter) (Depths:3)
  Maurice (Orc:2)
  6 wolf spiders
  41 deep elf magi
  An iron dragon skeleton (Crypt:3)
  26 moths of wrath
  A salamander (shapeshifter) (Vaults:2)
  18 vault sentinels
  A moth of wrath (shapeshifter) (Depths:3)
  13 naga magi
  17 guardian serpents
  3 smoke demons
  2 toenail golems (Volcano)
  16 salamanders
  2 ice statues (IceCv)
  5 rust devils (WizLab)
  A fire giant skeleton (Crypt:3)
  4 molten gargoyles
  2 guardian serpents (shapeshifter)
  A stone giant skeleton (Crypt:1)
  A black mamba (shapeshifter) (Depths:3)
  8 elephants
  39 black mambas
  5 torpor snails (Lair:6)
  A storm dragon simulacrum (Vaults:3)
  3 gargoyles (Depths:3)
  27 spiny frogs
  2 rime drakes (Lair:5)
  2 hellions (WizLab)
  A swamp worm zombie (Crypt:1)
  10 komodo dragons
  4 orange demons
  3 ice devils
  A redback zombie (D:15)
  A tormentor (WizLab)
  An iron troll zombie (Crypt:1)
  A yellow draconian zombie (Crypt:2)
  44 yaktaurs
  12 freezing wraiths
  3 tengu conjurers
  2 hellwings (WizLab)
  A red draconian skeleton (Crypt:2)
  A tengu simulacrum (Vaults:3)
  A grey draconian skeleton (Crypt:2)
  2 red devils
  3 wind drakes (Depths:3)
  2 polar bears
  A queen bee (shapeshifter) (Depths:3)
  A queen bee (Lair:2)
  A wind drake (shapeshifter) (D:13)
  A merfolk (shapeshifter) (Vaults:3)
  10 trolls
  A polar bear (shapeshifter) (Vaults:4)
  28 hornets
  16 tyrant leeches
  3 raiju (Depths:3)
  A shadow dragon simulacrum (Vaults:4)
  A hydra skeleton (Crypt:2)
  A slime creature (shapeshifter) (Depths:5)
  14 bog bodies
  A dream sheep (shapeshifter) (Depths:3)
  8 blink frogs
  13 slime creatures
  62 saltlings
  An ettin zombie (Vaults:4)
  13 dream sheep
  4 hippogriffs
  A human simulacrum (Vaults:4)
  Sigmund (D:3)
  6 large abominations
  A tarantella (Vaults:3)
  7 air elementals
  22 flying skulls
  15 spriggans
  A ynoxinul (WizLab)
  11 shadows
  6 wraiths
  8 wyverns
  6 redbacks
  2 tarantellas (shapeshifter)
  6 fire elementals
  An ice dragon skeleton (Crypt:3)
  2 vampires (D:14)
  28 yaks
  16 humans (D:14)
  14 water elementals
  2 basilisks
  A tyrant leech zombie (Crypt:2)
  2 chaos spawn (WizLab)
  2 golden eyes (shapeshifter)
  A hog (shapeshifter) (Vaults:4)
  19 vampire mosquitoes
  A basilisk (shapeshifter) (Elf:3)
  9 hungry ghosts
  41 nagas
  A deep troll zombie (Vaults:4)
  A glowing shapeshifter zombie (Crypt:1)
  23 swamp worms
  5 wargs
  Edmund (D:4)
  5 acid dragons
  26 insubstantial wisps
  22 water moccasins
  6 porcupines
  A water moccasin (shapeshifter) (Vaults:5)
  A floating eye (Elf:3)
  37 orc warriors
  A water nymph skeleton (Crypt:2)
  2 sky beasts
  An ettin simulacrum (Vaults:1)
  8 ice beasts
  12 swamp drakes
  A black bear (D:8)
  An eye of draining (D:13)
  46 ogres
  3 phantoms
  An elf skeleton (Vaults:1)
  A hornet zombie (D:9)
  2 necrophages
  20 wolves
  A snapping turtle skeleton (Crypt:3)
  A torpor snail zombie (Crypt:3)
  12 centaurs
  14 boggarts
  10 crocodiles
  2 big kobolds
  19 bullfrogs
  13 earth elementals
  A human skeleton (Vaults:1)
  A deep troll simulacrum (Vaults:1)
  A cyclops zombie (Crypt:1)
  A salamander skeleton (Crypt:2)
  3 wyvern skeletons
  4 scorpions
  18 killer bees
  5 electric eels
  15 wights
  A howler monkey (D:8)
  A spectral centaur (Crypt:3)
  3 centaur zombies
  7 crimson imps
  6 hounds
  A jelly (shapeshifter) (Depths:3)
  A quasit (D:14)
  A bullfrog zombie (D:5)
  A basilisk zombie (Crypt:3)
  3 human zombies
  15 orc priests
  A soldier ant zombie (Crypt:3)
  5 bullfrog skeletons
  A demonspawn zombie (Crypt:3)
  5 jellies
  29 orc wizards
  Jessica (D:2)
  6 centaur skeletons
  2 iguanas (D:9)
  Natasha (twice) (D:2)
  8 worker ants
  Terence (D:2)
  An ogre zombie (Crypt:2)
  2 big kobold zombies (Ossuary)
  An acid dragon zombie (Crypt:3)
  A hound zombie (Ossuary)
  2 hound skeletons
  3 mummies (Ossuary)
  A howler monkey zombie (Crypt:3)
  Robin (D:2)
  3 gnolls (D:2)
  14 adders
  2 shadow imps
  12 white imps (Lair:6)
  An ooze (D:5)
  7 adder zombies (Ossuary)
  2 iguana zombies
  2 adder skeletons
  4 worms
  3 dart slugs
  10 leopard geckos
  85 orcs
  6 bats
  3 giant cockroaches
  2 gnoll zombies (Ossuary)
  15 goblins
  8 hobgoblins
  4 jackals (D:5)
  4 quokkas
  2 ball pythons
  3 frilled lizards
  5 goblin zombies (Ossuary)
  4 hobgoblin zombies (Ossuary)
  3 jackal zombies
  10 kobolds
  3 kobold zombies (Ossuary)
  2 orc zombies
  4 quokka zombies
  3 rats
  2 rat zombies (Ossuary)
  2 crawling corpses (Elf:1)
  2 plants (Lair:6)
2620 creatures vanquished.

Vanquished Creatures (collateral kills)
  A golden dragon (Zot:1)
  2 tentacled monstrosities (Zot:4)
  A quicksilver dragon (Zot:4)
  A storm dragon (Vaults:5)
  A fire giant (Vaults:5)
  An ironheart preserver (Vaults:5)
  A vampire knight (Crypt:3)
  A hydra (Swamp:1)
  4 vault guards (Vaults:5)
  A two-headed ogre (Vaults:5)
  A deep elf mage (Vaults:5)
  A spiny frog (Swamp:1)
  A spriggan (Swamp:1)
  An acid dragon (shapeshifter) (Vaults:5)
18 creatures vanquished.

Vanquished Creatures (others)
  A stone giant (Vaults:2)
  A white draconian (Zot:3)
  A centaur warrior (Depths:1)
  A naga sharpshooter (Snake:4)
  A deep elf knight (Vaults:2)
  A spriggan druid (Swamp:4)
  A deep elf archer (Elf:1)
  A cyclops (Vaults:2)
  4 yaktaurs
  A jumping spider (Vaults:5)
  A hornet (Vaults:5)
  A redback (Vaults:5)
  An air elemental (Depths:3)
  A redback (shapeshifter) (Depths:4)
  A golden eye (shapeshifter) (Depths:3)
  A naga (Snake:4)
  A boggart (Depths:2)
  A centaur (Vaults:2)
  An orc wizard (Depths:4)
  7 ball lightnings (Depths:3)
  An orc (Vaults:5)
  9 fungi
  15 plants
  2 withered plants (Snake:4)
56 creatures vanquished.

Grand Total: 2694 creatures vanquished

Notes
Turn   | Place    | Note
-------+----------+-------------------------------------------
     0 | D:1      | Anathematize the Demonspawn Warper began the quest for the
                  | Orb.
     0 | D:1      | Reached XP level 1. HP: 16/16 MP: 3/3
    56 | D:1      | Reached skill level 1 in Throwing
   309 | D:1      | Gained mutation: You are partially covered in sharp spines.
                  | [demonic ancestry]
   309 | D:1      | Reached XP level 2. HP: 14/22 MP: 5/5
   572 | D:1      | You fall into a shaft and drop 1 floor!
   573 | D:2      | Noticed Terence
   602 | D:2      | Killed Terence
   602 | D:2      | Gained mutation: Your flesh is cold resistant. (rC+)
                  | [demonic ancestry]
   602 | D:2      | Reached XP level 3. HP: 14/28 MP: 6/6
  1251 | D:2      | Noticed Robin
  1479 | D:2      | Gained mutation: You have a pair of small horns on your
                  | head. [demonic ancestry]
  1479 | D:2      | Reached XP level 4. HP: 16/34 MP: 7/7
  1555 | D:2      | Killed Robin
  1754 | D:2      | Noticed Jessica
  1758 | D:2      | Killed Jessica
  1829 | D:2      | Noticed Natasha
  1837 | D:2      | Killed Natasha
  1837 | D:2      | Reached XP level 5. HP: 38/41 MP: 8/8
  2715 | D:3      | Learned a level 2 spell: Blink
  2737 | D:3      | Learned a level 5 spell: Blade Hands
  2914 | D:3      | Noticed Sigmund
  3068 | D:2      | Noticed Natasha
  3071 | D:2      | Killed Natasha
  3295 | D:4      | Reached XP level 6. HP: 37/47 MP: 9/9
  3435 | D:4      | Noticed Edmund
  4116 | D:3      | Killed Sigmund
  4116 | D:3      | Gained mutation: You are mostly covered in sharp spines.
                  | [demonic ancestry]
  4116 | D:3      | Reached XP level 7. HP: 37/54 MP: 10/10
  4265 | D:3      | Reached skill level 5 in Unarmed Combat
  4677 | D:4      | Killed Edmund
  5247 | D:5      | Entered Level 5 of the Dungeon
  5345 | D:5      | Reached XP level 8. HP: 46/61 MP: 11/11
  5873 | D:5      | Reached skill level 5 in Fighting
  5892 | D:5      | Found a staircase to the Ecumenical Temple.
  5902 | Temple   | Entered the Ecumenical Temple
  6328 | D:5      | Found Rari's Assorted Antiques.
  6533 | D:6      | Found an iron altar of Okawaru.
  6538 | D:6      | Became a worshipper of Warmaster Okawaru
  6568 | D:6      | Found a sand-covered staircase.
  6595 | Ossuary  | Entered an ossuary
  6803 | Ossuary  | Reached skill level 1 in Invocations
  7400 | D:6      | Reached XP level 9. HP: 65/69 MP: 12/12
  7545 | D:7      | Reached skill level 5 in Translocations
  7592 | D:7      | Reached * piety under Okawaru
  7592 | D:7      | Reached skill level 5 in Throwing
  7609 | D:7      | Found a runed translucent door.
  7616 | D:7      | Noticed a sixfirhy
  8190 | D:7      | Found an opulent altar of Gozag.
  8353 | D:7      | Found a glowing golden altar of the Shining One.
  8358 | D:7      | Found a basalt altar of Yredelemnul.
  8360 | D:7      | Noticed a profane servitor
  8487 | D:7      | Noticed an angel
  8816 | D:8      | Reached ** piety under Okawaru
  9055 | D:8      | Noticed a five-headed hydra
  9224 | D:8      | Found a stormy altar of Qazlal.
  9451 | D:9      | Reached skill level 5 in Invocations
  9451 | D:9      | Gained mutation: You are partially covered in thin metallic
                  | scales. (AC +2) [demonic ancestry]
  9451 | D:9      | Reached XP level 10. HP: 76/76 MP: 13/13
  9656 | D:9      | Found a sparkling altar of Nemelex Xobeh.
  9709 | D:9      | Found a shattered altar of Ashenzari.
  9709 | D:9      | Found a bloodstained altar of Trog.
  9839 | D:9      | Noticed a two-headed ogre
 10106 | D:9      | Found a glowing silver altar of Zin.
 10106 | D:9      | Found a burning altar of Makhleb.
 10107 | D:9      | Noticed a cacodemon
 10107 | D:9      | Noticed an angel
 10157 | D:9      | Reached skill level 1 in Shields
 10657 | D:10     | Entered Level 10 of the Dungeon
 10820 | D:10     | Reached *** piety under Okawaru
 11004 | D:10     | Found a staircase to the Lair.
 11889 | D:10     | Killed an unseen horror
 11950 | D:10     | Noticed a two-headed ogre
 12161 | D:10     | Noticed Fannar
 12271 | D:9      | Killed Fannar
 13055 | Lair:1   | Entered Level 1 of the Lair of Beasts
 13070 | Lair:1   | Reached skill level 10 in Unarmed Combat
 13198 | D:10     | Killed a two-headed ogre
 13198 | D:10     | Gained mutation: You are mostly covered in thin metallic
                  | scales. (AC +3) [demonic ancestry]
 13198 | D:10     | Reached XP level 11. HP: 85/85 MP: 14/14
 13363 | D:9      | Killed a two-headed ogre
 13363 | D:9      | Reached **** piety under Okawaru
 13702 | Lair:1   | Noticed Nergalle
 14010 | Lair:1   | Killed Nergalle
 14073 | Lair:1   | Noticed an eight-headed hydra
 14175 | Lair:1   | You fall into a shaft and drop 1 floor!
 14591 | D:11     | Found a staircase to the Orcish Mines.
 14753 | D:11     | Learned a level 3 spell: Confusing Touch
 14764 | D:11     | Noticed a cyan ugly thing
 14776 | D:11     | Killed a cyan ugly thing
 15106 | D:11     | Noticed a fire dragon
 15245 | Orc:1    | Entered Level 1 of the Orcish Mines
 15431 | Orc:2    | Entered Level 2 of the Orcish Mines
 15506 | Orc:1    | Received a gift from Okawaru
 15672 | Orc:2    | Noticed Maurice
 15703 | Orc:2    | Killed Maurice
 15942 | Orc:2    | Found a roughly hewn altar of Beogh.
 16203 | Orc:2    | Noticed an orc high priest
 16229 | Orc:1    | Killed an orc high priest
 16334 | Orc:1    | Reached ***** piety under Okawaru
 16900 | Orc:2    | Noticed an orc warlord
 16989 | Orc:1    | Killed an orc warlord
 17620 | Orc:2    | Noticed an orc knight
 17621 | Orc:2    | Noticed an orc knight
 17744 | Orc:1    | Killed an orc knight
 17744 | Orc:1    | Reached XP level 12. HP: 80/95 MP: 16/16
 18167 | Orc:1    | Received a gift from Okawaru
 18747 | Orc:2    | Found a roughly hewn altar of Beogh.
 19289 | Orc:2    | Found Ehehof's Antique Weapon Shoppe.
 19293 | Orc:2    | Found Beczi's Antique Armour Shoppe.
 19296 | Orc:2    | Found Lusy's Jewellery Shoppe.
 19314 | Orc:2    | Found Kieguh's General Store.
 19472 | Orc:2    | Found Vopai's Magic Scroll Shoppe.
 19578 | Orc:2    | Found a staircase to the Elven Halls.
 21140 | Orc:1    | You fall into a shaft and drop 1 floor!
 21194 | Orc:1    | Noticed an orc high priest
 21232 | Orc:1    | Killed an orc high priest
 21304 | Orc:1    | Found Kaal's Gadget Boutique.
 21625 | D:5      | Bought the +4 moon troll leather armour {Spirit, Regen++
                  | MP+5} for 1090 gold pieces
 21625 | D:5      | Found the +4 moon troll leather armour {Spirit, Regen++
                  | MP+5}
 21962 | Orc:2    | Bought a scroll of identify for 24 gold pieces
 21962 | Orc:2    | Bought a scroll of blinking for 90 gold pieces
 21962 | Orc:2    | Bought a scroll of identify for 24 gold pieces
 21962 | Orc:2    | Bought a scroll of identify for 24 gold pieces
 21962 | Orc:2    | Bought a scroll of identify for 24 gold pieces
 21962 | Orc:2    | Bought a scroll of fog for 24 gold pieces
 21962 | Orc:2    | Bought a scroll of magic mapping for 42 gold pieces
 21964 | Orc:2    | Bought a scroll of noise for 12 gold pieces
 21964 | Orc:2    | Bought a scroll of fear for 42 gold pieces
 22028 | D:11     | Killed a fire dragon
 22267 | D:11     | Found Capiom's Antique Armour Shoppe.
 22439 | D:8      | Killed a five-headed hydra
 22470 | D:8      | Noticed a two-headed ogre
 22525 | D:8      | Killed a two-headed ogre
 22525 | D:8      | Reached skill level 10 in Fighting
 22649 | D:8      | Received a gift from Okawaru
 23050 | Lair:1   | Killed an eight-headed hydra
 23348 | Lair:2   | Found a staircase to the Swamp.
 23476 | Lair:2   | Noticed a four-headed hydra
 23638 | Lair:2   | Received a gift from Okawaru
 23849 | Lair:2   | Received a gift from Okawaru
 24270 | Lair:3   | Gained mutation: You are immune to freezing clouds.
                  | [demonic ancestry]
 24270 | Lair:3   | Reached XP level 13. HP: 93/104 MP: 19/19
 24371 | Lair:2   | Reached skill level 1 in Hexes
 24611 | Lair:3   | Found a staircase to the Snake Pit.
 25332 | Lair:4   | Received a gift from Okawaru
 25475 | Lair:4   | Found a dark tunnel.
 25517 | Volcano  | Entered a volcano
 25558 | Volcano  | Received a gift from Okawaru
 25623 | Volcano  | Cast into level 2 of the Abyss (a wizard)
 25719 | Abyss:2  | Noticed a tentacled starspawn
 25762 | Volcano  | Escaped the Abyss
 26565 | Lair:4   | Reached skill level 10 in Throwing
 26764 | Lair:5   | Upgraded the game from 0.25-a0-578-gc91f01c to
                  | 0.25-a0-583-g696c2ac
 27434 | Lair:6   | Entered Level 6 of the Lair of Beasts
 27747 | Lair:5   | Received a gift from Okawaru
 27809 | Lair:5   | Gained mutation: You have a pair of horns on your head.
                  | [demonic ancestry]
 27809 | Lair:5   | Reached XP level 14. HP: 104/113 MP: 20/20
 27814 | Lair:6   | Found a staircase to the Slime Pits.
 27819 | Lair:6   | Found a viscous altar of Jiyva.
 27867 | Lair:6   | Found a frozen archway.
 27883 | IceCv    | Entered an ice cave
 27895 | IceCv    | Received a gift from Okawaru
 27895 | IceCv    | Reached skill level 5 in Hexes
 27916 | IceCv    | Found a transporter.
 27948 | IceCv    | Found a transporter.
 28145 | Lair:6   | Learned a level 3 spell: Portal Projectile
 28256 | Lair:5   | Received a gift from Okawaru
 28365 | Lair:6   | Found a runed translucent gate.
 28366 | Lair:6   | Found a runed translucent gate.
 28366 | Lair:6   | Found a runed translucent gate.
 28367 | Lair:6   | Noticed Caerwyn's ghost (journeyman DDFi)
 28561 | Lair:6   | Received a gift from Okawaru
 28591 | Lair:6   | Identified a +1 pair of boots of running (Okawaru gifted it
                  | to you on level 6 of the Lair of Beasts)
 28866 | Lair:6   | Found a runed translucent door.
 29192 | Lair:6   | Paralysed by a hornet for 2 turns
 29441 | Lair:6   | Reached ****** piety under Okawaru
 29442 | Lair:6   | Paralysed by a hornet for 1 turns
 30102 | Lair:6   | Reached skill level 15 in Unarmed Combat
 30485 | Lair:6   | Received a gift from Okawaru
 30500 | Lair:6   | Got a dazzling hat {god gift}
 30837 | Orc:2    | Bought an uncursed ring of protection from magic for 325
                  | gold pieces
 30890 | Orc:2    | Bought a scroll of summoning for 114 gold pieces
 30890 | Orc:2    | Identified the +1 hat of Pessimism {rPois rF- rC+ Stlth+}
                  | (Okawaru gifted it to you on level 6 of the Lair of Beasts)
 31208 | D:12     | You fall into a shaft and drop 2 floors!
 31208 | D:14     | Found a gate to the Vaults.
 31208 | D:14     | Noticed Rupert
 31212 | D:14     | Noticed Urug
 31219 | D:14     | Reached XP level 15. HP: 112/122 MP: 21/21
 31230 | D:14     | Killed Rupert
 31236 | D:14     | Killed Urug
 32049 | D:13     | Learned a level 1 spell: Apportation
 32056 | D:13     | Learned a level 6 spell: Invisibility
 32138 | D:13     | Found Wimiskiu's Food Emporium.
 32163 | D:13     | Bought a ration for 50 gold pieces
 32342 | D:13     | Noticed Frances
 32382 | D:13     | Killed Frances
 32419 | D:13     | Received a gift from Okawaru
 32691 | D:14     | Found a blossoming altar of Fedhas.
 33319 | D:15     | Entered Level 15 of the Dungeon
 33430 | D:15     | Received a gift from Okawaru
 33493 | D:15     | Identified a scroll of acquirement
 33510 | D:15     | Found a shattered altar of Ashenzari.
 33534 | D:15     | Noticed Agnes
 33546 | D:15     | Killed Agnes
 33546 | D:15     | Reached skill level 10 in Invocations
 33634 | D:15     | Reached skill level 1 in Armour
 33739 | D:15     | Received a gift from Okawaru
 34298 | D:15     | Received a gift from Okawaru
 34346 | D:15     | Found a staircase to the Depths.
 34671 | Swamp:1  | Entered Level 1 of the Swamp
 34754 | Swamp:1  | Noticed Donald
 34792 | Swamp:1  | Killed Donald
 34995 | Swamp:1  | Noticed Jorgrun
 35027 | Swamp:1  | Killed Jorgrun
 35055 | Swamp:1  | Reached XP level 16. HP: 97/131 MP: 17/23
 35359 | Swamp:1  | Got a transparent turquoise ring
 35360 | Swamp:1  | Identified the ring of Mikal {Wiz MR+ Str+3 Stlth-} (You
                  | found it on level 1 of the Swamp)
 35631 | Swamp:1  | Identified the +1 pair of gloves of Baldness {rC+ MR+} (You
                  | found it on level 1 of the Swamp)
 37006 | Swamp:2  | Received a gift from Okawaru
 37498 | Snake:1  | Entered Level 1 of the Snake Pit
 38069 | Snake:1  | Found an opulent altar of Gozag.
 39080 | Snake:2  | Identified the -3 pair of gloves of Trial and Error {Regen+
                  | MP+9 Str-2 Slay+6} (You acquired it on level 2 of the Snake
                  | Pit)
 39169 | Snake:2  | Reached skill level 5 in Armour
 39821 | Snake:3  | Received a gift from Okawaru
 39976 | Snake:3  | Noticed Vashnia
 40001 | Snake:3  | Killed Vashnia
 40132 | Snake:3  | Gained mutation: You have a pair of large horns on your
                  | head. [demonic ancestry]
 40132 | Snake:3  | Reached XP level 17. HP: 84/139 MP: 16/24
 40251 | Snake:3  | Received a gift from Okawaru
 40557 | Snake:4  | Entered Level 4 of the Snake Pit
 40966 | Swamp:3  | Noticed Roxanne
 41351 | Swamp:3  | Noticed Louise
 41399 | Swamp:3  | Killed Louise
 41399 | Swamp:3  | Received a gift from Okawaru
 41730 | Swamp:3  | Found a shattered altar of Ashenzari.
 42092 | Swamp:3  | Killed Roxanne
 42163 | Swamp:4  | Entered Level 4 of the Swamp
 42638 | Swamp:3  | Received a gift from Okawaru
 42851 | Swamp:4  | Received a gift from Okawaru
 43221 | Swamp:4  | Reached skill level 5 in Dodging
 43816 | Swamp:3  | Reached skill level 5 in Spellcasting
 43926 | Swamp:4  | Got a decaying rune of Zot
 44216 | Vaults:1 | Entered Level 1 of the Vaults
 44833 | Vaults:1 | Gained mutation: You are completely covered in sharp
                  | spines. [demonic ancestry]
 44833 | Vaults:1 | Reached XP level 18. HP: 140/148 MP: 26/27
 45001 | Vaults:1 | Received a gift from Okawaru
 45336 | Vaults:1 | Reached skill level 15 in Fighting
 45383 | Vaults:1 | Noticed Aizul
 45415 | Vaults:1 | Killed Aizul
 45415 | Vaults:1 | Received a gift from Okawaru
 46530 | Vaults:2 | Found a ruined gateway.
 46542 | Desolati | Entered the Desolation of Salt
 47163 | Desolati | Received a gift from Okawaru
 47204 | Desolati | Identified the Grimoire of Assistive Combat Magic
 47213 | Desolati | Identified the amulet "Gaxeucut" {Acrobat rPois MR+ Int-2
                  | Slay+4} (You found it in the Desolation of Salt)
 47222 | Desolati | Identified the ring "Qiprekkut" {rF- Int+5 Dex+2 SInv
                  | Stlth+} (You found it in the Desolation of Salt)
 47554 | Desolati | Received a gift from Okawaru
 47593 | Desolati | Identified the ring "Dehiq" {*Contam rPois rC+ rN+ Int+4}
 47603 | Desolati | Identified the Collected Works on Shifting Dislocation
 47608 | Desolati | Identified the Reference Book on Shifting Creation
 47702 | Desolati | Identified the Volume of Cankerous Flight
 47709 | Desolati | Identified the Compendium of Poison and Ignition
 47849 | Desolati | Gained mutation: Your magical and physical power is
                  | slightly enhanced at high health. [demonic ancestry]
 47849 | Desolati | Reached XP level 19. HP: 157/157 MP: 32/32
 47976 | Desolati | Identified the ring "Earthly Heaven" {+Fly Str+2}
 47999 | Desolati | Reached skill level 10 in Spellcasting
 48065 | Desolati | Identified Xann's Almanac of the Compass
 48326 | Vaults:2 | Received a gift from Okawaru
 48521 | Orc:2    | Bought an uncursed ring of see invisible for 195 gold
                  | pieces
 48688 | Vaults:2 | Reached skill level 1 in Transmutations
 49755 | Snake:4  | Received a gift from Okawaru
 49911 | Snake:4  | Found an opulent altar of Gozag.
 50094 | Snake:4  | Found a runed translucent door.
 50095 | Snake:4  | Noticed staltz's ghost (adept DsNe)
 50112 | Snake:4  | Killed staltz's ghost
 50565 | Snake:4  | Found Bieplomi's Bounteous Boutique.
 50704 | Snake:4  | Reached skill level 5 in Transmutations
 50831 | Snake:4  | Reached skill level 15 in Throwing
 51508 | Snake:4  | Received a gift from Okawaru
 51642 | Snake:4  | Got a serpentine rune of Zot
 52146 | Vaults:2 | Gained mutation: Your magical and physical power is
                  | enhanced at high health. [demonic ancestry]
 52146 | Vaults:2 | Reached XP level 20. HP: 160/166 MP: 28/34
 52936 | Vaults:2 | Received a gift from Okawaru
 54336 | Vaults:3 | Found a staircase to the Crypt.
 54800 | Vaults:3 | Found Nideptat's General Store.
 54808 | Vaults:3 | Bought a scroll of blinking for 105 gold pieces
 54808 | Vaults:3 | Bought a potion of lignification for 42 gold pieces
 54808 | Vaults:3 | Bought a potion of curing for 42 gold pieces
 54808 | Vaults:3 | Bought a potion of lignification for 42 gold pieces
 54808 | Vaults:3 | Bought a potion of heal wounds for 70 gold pieces
 54808 | Vaults:3 | Bought a ration for 70 gold pieces
 54808 | Vaults:3 | Bought a ration for 70 gold pieces
 54975 | Vaults:3 | Received a gift from Okawaru
 55212 | Vaults:3 | Identified the +9 quarterstaff of Cemur {antimagic, rC+
                  | rN+}
 55221 | Vaults:3 | Found the +8 storm bow {elec, penet}
 55277 | Vaults:3 | Identified the +4 rapier "Zoppo" {pain, rN+ Dex+2}
 55614 | Vaults:4 | Noticed Jory
 55627 | Vaults:4 | Killed Jory
 55958 | Vaults:4 | Reached skill level 10 in Transmutations
 55972 | Vaults:4 | Noticed Frederick
 55979 | Vaults:4 | Killed Frederick
 55979 | Vaults:4 | Gained mutation: A meltable icy envelope protects you from
                  | harm. (AC +0) [demonic ancestry]
 55979 | Vaults:4 | Reached XP level 21. HP: 126/174 MP: 21/35
 56286 | Vaults:4 | Learned a level 3 spell: Lesser Beckoning
 56389 | Vaults:4 | Found a magical portal.
 56784 | WizLab   | Received a gift from Okawaru
 57380 | WizLab   | Found a burning altar of Makhleb.
 57393 | WizLab   | Identified the amulet "Quusytu" {Spirit Str+4}
 57393 | WizLab   | Noticed Xusmozuw
 57404 | WizLab   | Killed Xusmozuw the Hellbinder
 57457 | WizLab   | Identified the ring of Bour {Int+3 SInv} (You found it in a
                  | wizard's laboratory)
 57459 | WizLab   | Identified the Grimoire of Calling
 58006 | Vaults:4 | Received a gift from Okawaru
 58246 | Vaults:4 | Noticed Mennas
 58261 | Vaults:4 | Killed Mennas
 58812 | Elf:1    | Entered Level 1 of the Elven Halls
 59298 | Elf:1    | Received a gift from Okawaru
 59313 | Elf:1    | Identified the Handbook of Black Secrets
 60231 | Elf:2    | Found a huge runed translucent gate.
 60231 | Elf:2    | Found a huge runed translucent gate.
 60231 | Elf:2    | Found a huge runed translucent gate.
 60231 | Elf:2    | Found a huge runed translucent gate.
 60235 | Elf:2    | Found a huge runed translucent gate.
 60600 | Elf:2    | Reached skill level 10 in Hexes
 60600 | Elf:2    | Gained mutation: You are completely covered in thin
                  | metallic scales. (AC +4, rElec) [demonic ancestry]
 60600 | Elf:2    | Reached XP level 22. HP: 183/183 MP: 36/36
 61021 | Elf:3    | Entered Level 3 of the Elven Halls
 61216 | Elf:3    | Found Tiuddede's Gadget Emporium.
 62105 | Elf:3    | Noticed Nikola
 62117 | Elf:3    | Killed Nikola
 62250 | Elf:3    | Identified the amulet "Gov Orr" {Gourm Str+3 Int-5 Dex+5}
 62333 | Elf:3    | Received a gift from Okawaru
 62424 | Elf:3    | Identified the +6 short sword of Discomfort {freeze, Str+2}
 62424 | Elf:3    | Identified the +1 ring mail of Magic {rElec rF+}
 62978 | Elf:3    | Received a gift from Okawaru
 62979 | Elf:3    | Identified the amulet "Uxzyrhu" {+Rage rF+ Str+3 Int+3
                  | Dex+2}
 63026 | Elf:3    | Identified the +1 scale mail "Esseafob" {rC+ Regen+ Str-2
                  | Int+3}
 63155 | Elf:3    | Identified Voxuip's Compendium of the Voyage
 63169 | Elf:3    | Learned a level 8 spell: Necromutation
 63171 | Elf:3    | Identified the Compendium of Unstable Venom
 63538 | Elf:3    | Identified the Guide on the Damaging Birds
 63865 | Depths:1 | Entered Level 1 of the Depths
 63865 | Depths:1 | Found a gateway to Hell.
 63912 | Depths:1 | Found a one-way gate to the infinite horrors of the Abyss.
 64144 | Depths:1 | Noticed Mara
 64196 | Depths:1 | Killed Mara
 64196 | Depths:1 | Received a gift from Okawaru
 64222 | Depths:1 | Found a runed translucent gate.
 64222 | Depths:1 | Found a runed translucent gate.
 64222 | Depths:1 | Found a runed translucent gate.
 64370 | Depths:1 | Received a gift from Okawaru
 64651 | Depths:2 | Learned a level 2 spell: Passwall
 65234 | Depths:2 | You fall into a shaft and drop 2 floors!
 65234 | Depths:4 | Noticed Saint Roka
 65255 | Depths:4 | Killed Saint Roka
 65277 | Depths:4 | Received a gift from Okawaru
 65450 | Depths:4 | Reached XP level 23. HP: 192/192 MP: 37/37
 65840 | Depths:4 | Found Zoic's Book Emporium.
 66000 | Depths:4 | Bought a book of Beasts for 1045 gold pieces
 66000 | Depths:4 | Bought a book of Dreams for 1425 gold pieces
 66006 | Depths:4 | Learned a level 5 spell: Silence
 66013 | Depths:4 | Learned a level 5 spell: Summon Mana Viper
 66095 | Depths:4 | Noticed Margery
 66135 | Depths:4 | Killed Margery
 66573 | Depths:4 | Found a one-way gate leading to the halls of Pandemonium.
 66578 | Depths:4 | Gained mutation: You have large cloven feet. [a cacodemon]
 66837 | Depths:2 | Received a gift from Okawaru
 67156 | Depths:2 | Found the +10 dark maul {vorpal}
 67315 | Depths:2 | Found Zimise's Jewellery Shop.
 67315 | Depths:2 | Found Car Aji's Gadget Shoppe.
 67316 | Depths:2 | Found Wosucwyi's Gadget Shoppe.
 67326 | Depths:2 | Bought a +6 ring of evasion for 1482 gold pieces
 69132 | Depths:3 | Received a gift from Okawaru
 69435 | Depths:3 | Received a gift from Okawaru
 69801 | Depths:3 | Received a gift from Okawaru
 69864 | Depths:3 | Reached skill level 15 in Hexes
 69956 | Depths:3 | Found a gateway to a ziggurat.
 70084 | Depths:3 | Identified the ring of Yxkanuev {Str+3 Int+2 SInv Stlth+}
                  | (You found it on level 3 of the Depths)
 70378 | Depths:5 | Entered Level 5 of the Depths
 70497 | Depths:5 | Reached XP level 24. HP: 186/201 MP: 35/37
 70508 | Depths:4 | Reached skill level 1 in Air Magic
 71134 | Depths:5 | Learned a level 2 spell: Swiftness
 71378 | Depths:5 | Found Wekyr's Antique Armour Shop.
 71382 | Depths:5 | Found Juceenos's Armour Boutique.
 71390 | Depths:5 | Bought the +0 pair of gloves of Pyl Sepy {rN+ Int+3 Dex+3}
                  | for 622 gold pieces
 71510 | Depths:5 | Found a runed translucent gate.
 71510 | Depths:5 | Found a runed translucent gate.
 71511 | Depths:5 | Found a runed translucent gate.
 71567 | Depths:5 | Reached skill level 5 in Air Magic
 71591 | Depths:5 | Found a runed translucent gate.
 71591 | Depths:5 | Found a runed translucent gate.
 71593 | Depths:5 | Noticed Niw Ywud's ghost (legendary MiBe)
 71598 | Depths:5 | Found a runed translucent gate.
 71888 | Depths:5 | Found a gate to the Realm of Zot.
 71905 | Depths:5 | Reached skill level 1 in Summonings
 71954 | Depths:5 | Received a gift from Okawaru
 72634 | Crypt:1  | Entered Level 1 of the Crypt
 72725 | Crypt:1  | Reached skill level 5 in Summonings
 72969 | Crypt:1  | Reached skill level 1 in Necromancy
 73216 | Crypt:1  | Paralysed by a lich for 5 turns
 73225 | Crypt:1  | Received a gift from Okawaru
 73495 | Crypt:1  | Identified the +2 demon trident of Vahugiss {drain, Int+6}
 74106 | Crypt:2  | Reached skill level 5 in Necromancy
 74280 | Crypt:3  | Entered Level 3 of the Crypt
 74994 | Crypt:3  | Found a staircase to the Tomb.
 75104 | Crypt:3  | Received a gift from Okawaru
 75323 | Crypt:3  | Identified the +11 triple crossbow of Suicidal Tendencies
                  | {flame, rElec} (Okawaru gifted it to you on level 3 of the
                  | Crypt)
 75413 | Crypt:3  | Reached XP level 25. HP: 208/210 MP: 29/37
 75801 | Crypt:3  | Found a basalt altar of Yredelemnul.
 75809 | Crypt:3  | Found the +7 great mace "Undeadhunter" {disrupt, rN+}
 75924 | Crypt:3  | Identified the Catalogue of Stones and Aid
 75933 | Crypt:3  | Identified the Volume of Bewitching Transmigration
 76035 | Crypt:3  | Received a gift from Okawaru
 76391 | Crypt:3  | Received a gift from Okawaru
 77222 | Vaults:4 | Received a gift from Okawaru
 77353 | Vaults:4 | Received a gift from Okawaru
 77472 | Vaults:4 | Noticed an ancient lich
 77484 | Vaults:4 | Killed an ancient lich
 77503 | Vaults:4 | Reached skill level 10 in Necromancy
 77566 | Vaults:4 | Received a gift from Okawaru
 77810 | Vaults:5 | Entered Level 5 of the Vaults
 77900 | Vaults:5 | Received a gift from Okawaru
 78612 | Vaults:5 | Learned a level 3 spell: Portal Projectile
 78620 | Vaults:5 | Received a gift from Okawaru
 78654 | Vaults:5 | Noticed an ancient lich
 78676 | Vaults:5 | Killed an ancient lich
 78676 | Vaults:5 | Received a gift from Okawaru
 79051 | Vaults:5 | Gained mutation: Your magical and physical power is greatly
                  | enhanced at high health. [demonic ancestry]
 79051 | Vaults:5 | Reached XP level 26. HP: 220/220 MP: 7/37
 79318 | Vaults:5 | Found the cursed +13 scythe of Curses {drain, *Curse}
 79737 | Vaults:5 | Received a gift from Okawaru
 80051 | Vaults:5 | Got a silver rune of Zot
 80140 | Vaults:5 | Identified the +2 mace of the Ring {speed, *Corrode rPois
                  | rN+}
 80412 | Vaults:5 | Noticed Boris
 80429 | Vaults:5 | Killed Boris
 80758 | Vaults:5 | Noticed an ancient lich
 80767 | Vaults:5 | Killed an ancient lich
 80767 | Vaults:5 | Received a gift from Okawaru
 80767 | Vaults:5 | Received a gift from Okawaru
 81297 | Zot:1    | Entered Level 1 of the Realm of Zot
 81325 | Zot:1    | Reached skill level 15 in Necromancy
 82772 | Zot:3    | Received a gift from Okawaru
 83050 | Zot:4    | Found Puoroimn's Changing Room.
 83088 | Zot:4    | Bought 2 potions of mutation for 224 gold pieces
 83088 | Zot:4    | Bought 2 potions of lignification for 84 gold pieces
 83088 | Zot:4    | Bought a potion of lignification for 42 gold pieces
 83127 | Zot:4    | Received a gift from Okawaru
 83245 | Zot:4    | Reached XP level 27. HP: 212/231 MP: 37/37
 83268 | Zot:4    | Received a gift from Okawaru
 83983 | Zot:4    | Learned a level 5 spell: Borgnjor's Vile Clutch
 84076 | Zot:4    | Identified the amulet of Omuth {Harm *Drain MR+} (You
                  | acquired it on level 4 of the Realm of Zot)
 84076 | Zot:4    | Identified the +2 cloak of Caommarph {rElec Int+5} (You
                  | acquired it on level 4 of the Realm of Zot)
 84374 | Zot:4    | Noticed an orb of fire
 84393 | Zot:4    | Killed an orb of fire
 85388 | Zot:3    | Found a transporter.
 85392 | Zot:3    | Noticed an ancient lich
 85392 | Zot:3    | Found a transporter.
 85393 | Zot:3    | Noticed an orb of fire
 85404 | Zot:3    | Found a transporter.
 85513 | Zot:3    | You fall into a shaft and drop 1 floor!
 85548 | Zot:3    | Received a gift from Okawaru
 86080 | Zot:3    | Found a transporter.
 86081 | Zot:3    | Found a transporter.
 88938 | Zot:1    | Received a gift from Okawaru
 90404 | Zot:5    | Entered Level 5 of the Realm of Zot
 91730 | Zot:5    | Noticed an orb of fire
 91751 | Zot:5    | Killed an orb of fire
 91759 | Zot:5    | Noticed an orb of fire
 91766 | Zot:5    | Received a gift from Okawaru
 91776 | Zot:5    | Gained mutation: You are occasionally teleported next to
                  | monsters. [an orb of fire]
 91778 | Zot:5    | Gained mutation: You are weak. (Str -2) [an orb of fire]
 91779 | Zot:5    | Killed an orb of fire
 91785 | Zot:5    | HP: 7/233 [shard shrike (16)]
 91785 | Zot:5    | Slain by a Killer Klown

Levels and vault maps discovered:
D:1:      zelgadis_glass_arrival_small, layout_basic
D:2:      layout_basic, uniq_robin, uniq_natasha, uniq_terence, uniq_jessica
D:3:      layout_loops_ring, serial_bayou, serial_bayou_pond_c,
          serial_bayou_lagoon_b, serial_bayou_pond_b, serial_bayou_pond_d,
          serial_bayou_pond_a, uniq_sigmund
D:4:      layout_cave_pools, first_ration, uniq_edmund
D:5:      layout_cave_pools, minmay_temple_entry_gardened_gates, serial_shops,
          shop
D:6:      layout_basic, kennysheep_little_box, nicolae_ossuary_entry_monument
D:7:      cheibrodos_shockbox, layout_basic, grunt_temple_overflow_holy_war,
          grunt_gozag_statues, the_bakery
D:8:      layout_loops_ring, marbit_many_paths, minmay_manual_mullet
D:9:      layout_basic, grunt_temple_overflow_order_and_chaos_2,
          nicolae_overflow_crystal_walls, gammafunk_temple_overflow_elements
D:10:     layout_grid_maze, erik_lair_island, chequers_serial_rivers_micro_d,
          uniq_fannar
D:11:     layout_basic, david_orc_2, serial_shops, nicolae_shop_waterfront
D:12:     layout_rooms
D:13:     layout_long_grid, serial_shops, shop_statue, uniq_frances
D:14:     layout_irregular_city, david_vaults_3, fedhas_altar_1,
          lightli_fourway_metalbox
D:15:     hangedman_depths_entry_try_elsewhere_first, layout_irregular_city,
          ashenzari_altar_1, uniq_agnes
Temple:   chequers_temple_sunken
Lair:1:   layout_roguey, grunt_megastairs_3, uniq_nergalle
Lair:2:   layout_concentric_octagons, nicolae_swamp_entry_splash_gauntlet,
          special_room [special_room_bee], lemuel_fruit_tree
Lair:3:   layout_cave_pods, minmay_snake_entry_guardpost_small, st_stairs_7,
          serial_bayou_shore_a, grunt_megastairs_1
Lair:4:   layout_long_grid, nicolae_volcano_entry_vermiform,
          chequers_serial_rivers_room_b
Lair:5:   layout_roguey, infiniplex_staircase_pool, grunt_megastairs_5
Lair:6:   hangedman_lair_tendril_chambers, layout_gridlike, wormcave,
          slime_altar_1, gammafunk_ghost_split, portal_ice_cave_entry_imps,
          st_stairs_10
Swamp:1:  layout_falls_marsh, hangedman_swamp_diagram, swamp_pool4,
          hangedman_swamp_wriggling, uniq_jorgrun, uniq_donald
Swamp:2:  layout_falls_marsh, evilmike_swamp_ruin_house_5
Swamp:3:  layout_basic_swamp, nicolae_swamp_godswood, uniq_louise, uniq_roxanne
Swamp:4:  swamp, layout_basic_swamp
Snake:1:  layout_misc_corridors, basic_altar, drop_trap
Snake:2:  layout_misc_corridors
Snake:3:  layout_basic, uniq_vashnia
Snake:4:  grunt_snake_rune_serpentine_throne, layout_cave_town,
          gammafunk_ghost_grave, basic_altar, nicolae_alphabet_shops
Orc:1:    layout_caves, serial_shops, nicolae_shop_waterfront
Orc:2:    grunt_orc_cross, layout_diamond_mine, basic_altar, serial_shops, shop,
          uniq_rupert, uniq_maurice
Elf:1:    minmay_elf_arrival_summoners, layout_geoelf_octagon,
          minmay_elf_necromancy, item_on_display_a
Elf:2:    layout_rooms, fountainhead, grunt_ministairs_1
Elf:3:    minmay_elf_hall_spiked, layout_geoelf_castle, serial_shops, shop,
          onia_ninara_cookie, uniq_nikola
Vaults:1: hangedman_vaults_stitches, vaults_dpeg_spiral,
          nicolae_vaults_little_squares_1, grunt_vaults_focal, v_misc_24,
          nicolae_vaults_little_squares_4, vaults_room_pools,
          nicolae_vaults_windows_and_doors_thing,
          vaults_room_grunt_arrival_checkpoint, layout_vaults_omnibox,
          uniq_aizul
Vaults:2: vaults_room_grid, sword_in_stone, nicolae_vaults_three_branches,
          nicolae_vaults_angled_halls, nicolae_vaults_theta,
          ontoclasm_vaults_ligature, grunt_vaults_bifocal,
          hangedman_vaults_cutoff, nicolae_vaults_theta, layout_vaults_omnigrid,
          portal_desolation_entry_salt
Vaults:3: v_rooms_6, hangedman_vaults_stagger, minmay_crypt_entry_simple_box,
          minmay_guarded_unrand_secular_launcher, nicolae_vaults_gold_heap,
          nicolae_vaults_little_squares_2, nicolae_vaults_alarming,
          ontoclasm_vaults_chip, layout_vaults_chaotic_city, serial_shops, shop
Vaults:4: v_misc_19, st_greater_box_5, vaults_mumra_minichess,
          nicolae_vaults_theta, grunt_vaults_funnel, v_misc_18,
          vaults_dpeg_ring, hangedman_vaults_snaps, ontoclasm_vaults_ring_small,
          v_misc_23, v_misc_25, nicolae_vaults_ninety_degrees,
          vaults_dpeg_encased_lava, vaults_room_corners,
          nicolae_vaults_little_squares_6, layout_vaults_omnicross,
          mu_enter_wizlab_6, uniq_frederick, uniq_jory, uniq_mennas
Vaults:5: uniq_boris
Crypt:1:  layout_chaotic_city
Crypt:2:  layout_rooms
Crypt:3:  church_of_pain_bobbens, layout_chaotic_city,
          tomb_entry_forgotten_bobbens
Depths:1: layout_cross, abyss_entry, hell_entry, chequers_serial_rivers_micro_b,
          pandoras_box_mu, uniq_mara
Depths:2: kennysheep_scales, layout_basic, hell_entry, minivault_14,
          minmay_staircase_windowed_large, minmay_shop_grove,
          serial_bayou_shore_b, grunt_megastairs_4
Depths:3: radiant_caverns_b_rkd, hell_entry, pan_entry
Depths:4: minmay_glassy_protrusions, layout_gridlike, rand_demon_pan_entry_4,
          hangedman_abyss_entry_splay, hell_entry, infiniplex_staircase_pool_2,
          serial_shops, shop, serial_bayou_pond_a, corner_web_ring,
          chequers_serial_rivers_room_b, uniq_saint_roka, uniq_margery
Depths:5: evilmike_zot_entry_round, layout_cave_pools,
          ploomutoo_gammafunk_ghost_potion_laboratory, hell_entry,
          serial_sigils_hangedman_scratch, serial_bayou_shore_b,
          minmay_shoptagon
Zot:1:    layout_concentric_octagons, zot_minivault_4
Zot:2:    layout_concentric_octagons, st_stairs_3
Zot:3:    gammafunk_the_bubble [the_bubble_gammafunk_roulette], layout_gridlike
Zot:4:    hangedman_zot_vaults_quadrants, layout_concentric_octagons,
          st_stairs_14, nicolae_transmutations_shop
Zot:5:    layout_basic

Skill      XL: |  1  2  3  4  5  6  7  8  9 10 11 12 13 14 15 16 17 18 19 20 21 22 23 24 25 26 27 |
---------------+----------------------------------------------------------------------------------+-----
Throwing       | 1 2 3 4 5 7 8 9 10 11 12 13 14 15 16 17 18 19 20 21 | 21.2
Unarmed Combat | 2 3 4 5 7 8 10 11 12 14 15 16 17 18 19 20 21 22 | 22.0
Fighting       | 3 4 5 6 8 9 10 11 12 13 14 15 16 17 18 19 20 21 22 | 22.7
Translocations | 3 4 5 6 |  6.0
Invocations    | 2 5 8 10 | 10.0
Shields        | 3 4 |  4.0
Spellcasting   | 4 6 9 10 | 10.0
Hexes          | 4 5 10 12 15 | 15.0
Armour         | 2 5 |  5.0
Dodging        | 3 5 |  5.0
Transmutations | 6 10 14 | 14.5
Air Magic      | 5 |  5.0
Summonings     | 5 |  5.0
Necromancy     | 6 12 15 19 | 19.0

Action                   |  1- 3 |  4- 6 |  7- 9 | 10-12 | 13-15 | 16-18 | 19-21 | 22-24 | 25-27 || total
-------------------------+-------+-------+-------+-------+-------+-------+-------+-------+-------++-------
Melee: Unarmed           |    76 |   132 |   307 |   571 |  1324 |  1366 |  1301 |  1476 |  1503 ||  8056
       Punch             |     1 |     3 |    11 |       |       |       |    19 |    17 |    13 ||    64
       Headbutt          |       |    14 |    47 |   101 |   282 |   305 |   311 |   444 |   433 ||  1937
Throw: Dart              |    10 |    16 |    67 |   174 |     1 |     7 |     3 |       |       ||   278
       Boomerang         |       |    13 |    23 |    92 |   209 |   443 |   343 |   233 |    57 ||  1413
       Javelin           |       |       |       |     3 |     2 |    41 |    29 |    88 |   105 ||   268
 Cast: Blink             |       |       |       |    41 |    24 |     8 |     1 |     8 |       ||    82
       Confusing Touch   |       |       |       |       |    32 |     9 |     1 |     6 |       ||    48
       Apportation       |       |       |       |       |       |     2 |     4 |    29 |     6 ||    41
       Blade Hands       |       |       |       |       |       |       |    15 |    14 |    12 ||    41
       Portal Projectile |       |       |       |       |       |       |     2 |       |     3 ||     5
       Lesser Beckoning  |       |       |       |       |       |       |     1 |    93 |     6 ||   100
       Invisibility      |       |       |       |       |       |       |       |     5 |    13 ||    18
       Silence           |       |       |       |       |       |       |       |     9 |    37 ||    46
       Summon Mana Viper |       |       |       |       |       |       |       |     6 |    65 ||    71
       Borgnjor's Vile C |       |       |       |       |       |       |       |       |     8 ||     8
Invok: Heroism           |       |       |     3 |    23 |    20 |    33 |    25 |    24 |    20 ||   148
       Finesse           |       |       |       |       |     5 |     4 |     6 |     2 |     3 ||    20
 Abil: End Transformatio |       |       |       |       |       |       |     1 |     3 |     1 ||     5
Evoke: Wand              |       |       |       |    22 |     9 |       |       |     5 |       ||    36
  Use: Scroll            |     1 |     4 |     9 |    10 |    17 |    14 |    12 |    12 |    17 ||    96
       Potion            |       |     2 |     1 |     4 |     6 |     2 |     4 |     3 |    11 ||    33
 Stab: Invisible         |     1 |     3 |       |     4 |       |       |       |    38 |    62 ||   108
       Confused          |       |       |       |     3 |    20 |     6 |       |     4 |       ||    33
       Distracted        |       |       |       |       |     2 |       |       |     1 |     6 ||     9
       Sleeping          |       |       |       |       |     1 |       |     2 |       |       ||     3
  Eat: Chunk             |     2 |     8 |    18 |    39 |    28 |    32 |    22 |    23 |    40 ||   212
       Ration            |       |       |       |     4 |     4 |     2 |     6 |    10 |    12 ||    38
Armor: Leather armour    |     6 |       |       |       |       |       |       |       |       ||     6
       Scale mail        |    16 |    48 |    99 |   128 |       |       |       |       |       ||   291
       Troll leather arm |       |       |       |    26 |   376 |   315 |   138 |       |       ||   855
       Skin              |       |       |       |       |       |     4 |     9 |       |    12 ||    25
       Fire dragon scale |       |       |       |       |       |       |   114 |   426 |   454 ||   994
Dodge: Dodged            |    31 |    57 |   103 |   194 |   383 |   478 |   341 |   385 |   520 ||  2492
       Deflected         |       |       |       |     2 |       |       |       |       |       ||     2
Block: Buckler           |       |       |     1 |   127 |   517 |   539 |   431 |   417 |   481 ||  2513
       Reflection        |       |       |       |       |    18 |    35 |    71 |    26 |    20 ||   170
       Other             |       |       |       |       |       |       |    28 |    22 |    17 ||    67

Table legend:
 A = Non-vault XP
 B = Vault XP
 C = Vault XP percentage of total XP
 D = Non-vault monster count
 E = Vault monster count
 F = Vault count percentage of total count
                 A         B        C        D         E       F
            +---------+---------+-------+---------+---------+-------
      Total |  893684 |  914990 |  50.6 |    1552 |    1096 |  41.4
            +---------+---------+-------+---------+---------+-------
        D:1 |      15 |       8 |  34.8 |       8 |       4 |  33.3
        D:2 |     170 |     133 |  43.9 |      26 |      11 |  29.7
        D:3 |     235 |     232 |  49.7 |      19 |       2 |   9.5
        D:4 |     367 |     157 |  30.0 |      17 |       1 |   5.6
        D:5 |     715 |       0 |   0.0 |      19 |       0 |   0.0
        D:6 |     475 |       0 |   0.0 |       8 |       0 |   0.0
        D:7 |    1192 |     220 |  15.6 |      18 |       1 |   5.3
        D:8 |    1099 |    1991 |  64.4 |      22 |       6 |  21.4
        D:9 |    2105 |    1314 |  38.4 |      22 |       2 |   8.3
       D:10 |    2614 |     646 |  19.8 |      16 |       8 |  33.3
       D:11 |    2543 |     153 |   5.7 |      16 |       5 |  23.8
       D:12 |    4278 |       0 |   0.0 |      24 |       0 |   0.0
       D:13 |    9098 |    2260 |  19.9 |      26 |       1 |   3.7
       D:14 |    4898 |   11916 |  70.9 |      18 |      24 |  57.1
       D:15 |    9288 |    4971 |  34.9 |      32 |       5 |  13.5
     Lair:1 |    2075 |    1031 |  33.2 |       8 |       3 |  27.3
     Lair:2 |    2513 |    2370 |  48.5 |      10 |      22 |  68.8
     Lair:3 |    4572 |    1104 |  19.5 |      15 |       6 |  28.6
     Lair:4 |    7309 |     640 |   8.1 |      28 |       1 |   3.4
     Lair:5 |    8867 |    3412 |  27.8 |      31 |      12 |  27.9
     Lair:6 |   13025 |   16196 |  55.4 |      40 |      61 |  60.4
    Swamp:1 |    9697 |    6471 |  40.0 |      26 |       9 |  25.7
    Swamp:2 |   15615 |       0 |   0.0 |      50 |       0 |   0.0
    Swamp:3 |   17468 |    4702 |  21.2 |      39 |       3 |   7.1
    Swamp:4 |   14692 |   17217 |  54.0 |      37 |      27 |  42.2
    Snake:1 |   13144 |       0 |   0.0 |      27 |       0 |   0.0
    Snake:2 |   16016 |       0 |   0.0 |      29 |       0 |   0.0
    Snake:3 |   12456 |    8307 |  40.0 |      21 |       6 |  22.2
    Snake:4 |   18090 |   47715 |  72.5 |      36 |      67 |  65.0
      Orc:1 |    2302 |    5253 |  69.5 |      24 |       8 |  25.0
      Orc:2 |    2946 |    3291 |  52.8 |      34 |      30 |  46.9
      Elf:1 |    7514 |    7925 |  51.3 |      12 |      15 |  55.6
      Elf:2 |   11744 |   23707 |  66.9 |      25 |      28 |  52.8
      Elf:3 |    8923 |   54066 |  85.8 |      17 |      46 |  73.0
   Vaults:1 |   29933 |    9438 |  24.0 |      50 |      15 |  23.1
   Vaults:2 |   38469 |   12307 |  24.2 |      77 |      12 |  13.5
   Vaults:3 |   34563 |   30237 |  46.7 |      56 |      30 |  34.9
   Vaults:4 |   49954 |   74215 |  59.8 |      82 |      45 |  35.4
   Vaults:5 |   39017 |  130210 |  76.9 |      47 |      93 |  66.4
    Crypt:1 |   39266 |       0 |   0.0 |      60 |       0 |   0.0
    Crypt:2 |   19242 |       0 |   0.0 |      31 |       0 |   0.0
    Crypt:3 |   24572 |   44984 |  64.7 |      39 |      70 |  64.2
   Depths:1 |   24846 |    7383 |  22.9 |      28 |       1 |   3.4
   Depths:2 |   12161 |   11073 |  47.7 |      23 |      10 |  30.3
   Depths:3 |    1563 |   71175 |  97.9 |       5 |     105 |  95.5
   Depths:4 |   57892 |   32957 |  36.3 |      62 |      27 |  30.3
   Depths:5 |   21532 |   50036 |  69.9 |      28 |      27 |  49.1
      Zot:1 |   73323 |   14914 |  16.9 |      42 |      10 |  19.2
      Zot:2 |   37666 |      79 |   0.2 |      27 |       1 |   3.6
      Zot:3 |   90576 |    2904 |   3.1 |      54 |       1 |   1.8
      Zot:4 |   35061 |   56258 |  61.6 |      14 |      31 |  68.9
      Zot:5 |   34858 |   48702 |  58.3 |      24 |      13 |  35.1
    Abyss:2 |    1130 |       0 |   0.0 |       3 |       0 |   0.0
    Ossuary |       0 |     326 | 100.0 |       0 |      38 | 100.0
      IceCv |       0 |    2632 | 100.0 |       0 |      10 | 100.0
    Volcano |       0 |    2265 | 100.0 |       0 |       4 | 100.0
     WizLab |       0 |   22395 | 100.0 |       0 |      32 | 100.0
 Desolation |       0 |   63092 | 100.0 |       0 |     107 | 100.0
            +---------+---------+-------+---------+---------+-------
